 Dungeon Crawl Stone Soup version 0.20.1-1-g8b1a95d (webtiles) character file.

357 Monsterracer the Chiller (level 6, -14/45 HPs)
             Began as a Draconian Ice Elementalist on Aug 22, 2017.
             Demolished by a spatial vortex (19 damage)
             ... summoned by miscasting Summon Ice Beast
             ... in a sewer.
             The game lasted 00:07:17 (4037 turns).

Monsterracer the Chiller (DrIE)                     Turns: 4037, Time: 00:07:18

Health: -14/45     AC:  9    Str: 10    XL:     6   Next: 37%
Magic:  3/12       EV: 12    Int: 17    God:
Gold:   143        SH:  0    Dex: 12    Spells: 3/13 levels left

rFire    . . .     SeeInvis .   q - +3 quarterstaff (chaos)
rCold    . . .     Gourm    .   (shield currently unavailable)
rNeg     . . .     Faith    .   (armour unavailable)
rPois    .         Spirit   .   (helmet restricted)
rElec    .         Reflect  .   j - +1 cloak
rCorr    +         Harm     .   k - +0 pair of gloves
MR       .....                  (no boots)
Stlth    +.........             (no amulet)
Regen    0.2/turn               e - ring of loudness
MPRegen  0.2/turn               h - ring of resist corrosion

@: about to teleport, very slightly contaminated, very slow
A: unfitting armour, cold-blooded, AC +6
a: no special abilities


You were in a sewer.
You were not hungry.

You visited 1 branch of the dungeon, and saw 4 of its levels.
You also visited: Sewer.

You collected 143 gold pieces.

Inventory:

Hand Weapons
 q - a +3 quarterstaff of chaos (weapon)
Armour
 j - a +1 cloak (worn)
 k - a +0 pair of gloves (worn)
Jewellery
 e - a ring of loudness (left hand)
 h - a ring of resist corrosion (right hand)
Scrolls
 i - a scroll of identify
 l - a scroll of teleportation
 m - a scroll of remove curse
 t - 2 scrolls of magic mapping
Potions
 c - a potion of agility
 d - a potion of mutation
 n - 3 potions of magic {unknown}
 o - 3 potions of curing
 p - a potion of brilliance {unknown}
 r - a potion of heal wounds {unknown}
Books
 a - a book of Frost

   Spells                             Type                      Level
   a - Freeze                         Ice                          1
   b - Throw Frost                    Conjuration/Ice              2
   c - Ozocubu's Armour               Charms/Ice                   3
   d - Throw Icicle                   Conjuration/Ice              4
   e - Summon Ice Beast               Ice/Summoning                4
Comestibles
 b - 2 bread rations
 f - a royal jelly
 g - a meat ration


   Skills:
 - Level 1.7 Dodging
 - Level 1.7 Stealth
 + Level 4.2 Spellcasting
 - Level 1.1 Conjurations
 + Level 0.2 Summonings
 * Level 5.8 Ice Magic


You had 3 spell levels left.
You knew the following spells:

 Your Spells              Type           Power        Failure   Level  Hunger
a - Freeze                Ice            ###.         1%          1    None
b - Throw Frost           Conj/Ice       ###...       5%          2    ##.....
c - Ozocubu's Armour      Chrm/Ice       ##......     14%         3    ###....
d - Summon Ice Beast      Ice/Summ       ##......     41%         4    ####...


Dungeon Overview and Level Annotations

Branches:
Dungeon (4/15)
 Temple: D:4-7

Altars:
Qazlal


Innate Abilities, Weirdness & Mutations

Your plain brown scales are hard. (AC +6)
You cannot fit into any form of body armour.
You are cold-blooded and may be slowed by cold attacks.


Message History

You miscast Summon Ice Beast.
Space twists in upon itself!
A spatial vortex comes into view.
The adder closely misses you. x2; The adder bites you but does no damage.
The ball python barely misses you. The ball python constricts you.
As you read the scroll of teleportation, it crumbles to dust.
You feel strangely unstable. The bullfrog hits you.
The adder closely misses you. The adder bites you.
The ball python releases its grip on you.
The adder bites you. The bullfrog hits you. The ball python closely misses you.
The ball python grabs you. The ball python constricts you.
The ball python bites you but does no damage.
The adder bites you but does no damage.
Damage: -16%(-7hp) hp: 69%(31hp)
You escape the ball python's grasp.
You enter the shallow water.
Moving in this stuff is going to be slow.
The bullfrog hits you. The spatial vortex hits you!!
Ouch! That really hurt!
* * * LOW HITPOINT WARNING * * *
Space warps horribly around you!
You die...

*,∩,* #..#....# *,,,*
####...##
**+*###################....#
**,,..≈≈≈≈≈≈≈≈≈≈≈≈≈≈≈#.....#
*,,,..≈≈≈≈≈≈≈≈≈≈≈≈≈≈≈.....##
*,,,..≈≈≈≈≈≈S≈≈≈≈≈≈≈≈.....#
*,,,..≈≈≈≈≈S≈S#≈≈≈≈≈≈.....#
*,,,..≈≈J≈≈SFSv≈≈≈≈≈≈....##
**,,..≈≈≈≈FSS@≈≈≈≈≈≈≈#.###
***####################


You could see a spatial vortex, 2 bullfrogs, an ooze, 3 adders and 4 ball
pythons.

Vanquished Creatures
  A scorpion (D:4)
  Crazy Yiuf (D:2)
  A centaur skeleton (D:4)
  4 gnolls
  8 adders
  4 river rats (Sewer)
  A worm (D:3)
  A dart slug (D:3)
  4 orcs (D:3)
  2 bats (D:1)
  4 giant cockroaches
  8 goblins
  7 hobgoblins
  5 jackals
  13 kobolds
  12 ball pythons
  3 frilled lizards
  31 rats
110 creatures vanquished.

Notes
Turn   | Place    | Note
-------+----------+-------------------------------------------
     0 | D:1      | Monsterracer the Draconian Ice Elementalist began the quest for the Orb.
     0 | D:1      | Reached XP level 1. HP: 14/14 MP: 3/3
    47 | D:1      | HP: 3/14 [goblin/club (6)]
   375 | D:1      | Reached XP level 2. HP: 17/20 MP: 3/5
   429 | D:1      | Learned a level 2 spell: Throw Frost
   910 | D:1      | HP: 10/20 [rat (3)]
   914 | D:1      | Reached XP level 3. HP: 8/26 MP: 0/7
   918 | D:1      | HP: 7/26 [poisoned by an adder]
   923 | D:1      | Learned a level 3 spell: Ozocubu's Armour
  1580 | D:2      | Reached skill level 4 in Ice Magic
  1724 | D:2      | HP: 13/26 [poisoned by an adder]
  1729 | D:2      | HP: 10/26 [poisoned by an adder]
  1734 | D:2      | HP: 7/26 [poisoned by an adder]
  1739 | D:2      | HP: 6/26 [poisoned by an adder]
  1746 | D:2      | HP: 4/26 [poisoned by an adder]
  1754 | D:2      | HP: 3/26 [poisoned by an adder]
  2025 | D:2      | Reached XP level 4. HP: 31/33 MP: 5/8
  2292 | D:2      | Found a runed door.
  2480 | D:2      | Noticed Crazy Yiuf
  2488 | D:2      | Killed Crazy Yiuf
  2791 | D:3      | HP: 16/33 [gnoll/flail of crushing (6)]
  2984 | D:3      | Reached XP level 5. HP: 30/38 MP: 7/10
  3181 | D:3      | Reached skill level 5 in Ice Magic
  3456 | D:3      | Found a stormy altar of Qazlal.
  3654 | D:4      | Found a glowing drain.
  3693 | D:4      | Reached XP level 6. HP: 43/45 MP: 4/11
  3758 | Sewer    | Entered a sewer
  3906 | Sewer    | Learned a level 4 spell: Summon Ice Beast
  4035 | Sewer    | Noticed a spatial vortex
  4037 | Sewer    | HP: 5/45 [spatial vortex[miscasting Summon Ice Beast] (24)]
  4037 | Sewer    | Demolished by a spatial vortex

Skill      XL: |  1  2  3  4  5  6 |
---------------+-------------------+-----
Ice Magic      | 4 5 |  5.8
Spellcasting   | 3 4 |  4.2
Dodging        | |  1.7
Stealth        | |  1.7
Conjurations   | |  1.1
Summonings     | |  0.2

Action                   |  1- 3 |  4- 6 || total
-------------------------+-------+-------++-------
Melee: Short sword       |     7 |       ||     7
       Tailslap          |     5 |    10 ||    15
       Dagger            |    90 |    18 ||   108
       Quarterstaff      |       |    99 ||    99
 Cast: Freeze            |    38 |    46 ||    84
       Ozocubu's Armour  |       |     4 ||     4
       Throw Frost       |       |     1 ||     1
  Use: Scroll            |       |    12 ||    12
  Eat: Chunk             |     3 |     8 ||    11
Armor: Skin              |    24 |    67 ||    91
Dodge: Dodged            |    66 |   112 ||   178
